[Event "Team 45 45 League T39"]
[Site "Internet Chess Club"]
[Date "2008.10.31"]
[Round "2"]
[White "cillu"]
[Black "zeigmata"]
[Result "0-1"]
[WhiteElo "2190"]
[BlackElo "2379"]
[Opening "Nimzo-Indian: classical variation"]
[ECO "E32"]
[Time "16:00:15"]
[TimeControl "2700+45"]

1. d4 Nf6 2. c4 e6 3. Nc3 Bb4 4. Qc2 O-O 5. a3 Bxc3+ 6. Qxc3 b6 7. Bg5 Bb7 8. f3
h6 9. Bh4 c5 10. dxc5 bxc5 11. e3 d6 12. Rd1 Nc6 13. Bxf6 Qxf6 14. Qxf6 gxf6 15.
Rxd6 Rfd8 16. Rxd8+ Rxd8 17. Ne2 Ne5 18. Nc1 a5 19. a4 f5 20. Be2 Kf8 21. Rf1
Bc6 22. b3 Ke7 23. Rf2 Rb8 24. Bf1 h5 25. Rd2 h4 26. h3 Bxf3 27. gxf3 Nxf3+ 28.
Ke2 Nxd2 29. Kxd2 e5 30. Nd3 Kd6 31. Nc1 f6 32. Bd3 Ke6 33. Ke1 Rg8 34. Kf2 e4
35. Bf1 Rb8 36. Be2 Ke5 37. Bd1 Rd8 38. Be2 f4 39. exf4+ Kxf4 40. Bg4 f5 41. Bh5
Ke5 42. Bf7 Rd2+ 43. Ne2 Rb2 {White resigns} 0-1

[Event "Team 45 45 League T39"]
[Site "Internet Chess Club"]
[Date "2008.10.31"]
[Round "2"]
[White "taulanipov"]
[Black "Ozgur-BJK"]
[Result "1/2-1/2"]
[WhiteElo "2078"]
[BlackElo "2130"]
[Opening "Sicilian: Grand Prix attack"]
[ECO "B21"]
[Time "10:02:53"]
[TimeControl "2700+45"]

1. e4 c5 2. f4 Nc6 3. Nf3 d6 4. Nc3 Nf6 5. Bb5 Bd7 6. O-O e6 7. d3 Be7 8. Qe1
Qc7 9. a3 Nd4 10. Bxd7+ Nxd7 11. Qf2 Bf6 12. Be3 Nxf3+ 13. Qxf3 O-O 14. Rae1
Bxc3 15. bxc3 Qa5 16. c4 Qxa3 17. Bc1 Qc3 18. Re2 a5 19. Qg3 a4 20. f5 a3 21.
Bd2 Qe5 22. Bf4 Qd4+ {Game drawn by mutual agreement} 1/2-1/2

[Event "Team 45 45 League T39"]
[Site "Internet Chess Club"]
[Date "2008.11.01"]
[Round "2"]
[White "Hesperus"]
[Black "emerald"]
[Result "1-0"]
[WhiteElo "1985"]
[BlackElo "2009"]
[Opening "English opening"]
[ECO "A10"]
[Time "19:01:40"]
[TimeControl "2700+45"]

1. c4 Nc6 2. Nc3 Nf6 3. Nf3 d5 4. cxd5 Nxd5 5. g3 Bf5 6. Bg2 Ndb4 7. d3 e5 8.
O-O a5 9. a3 Na6 10. Qb3 Nc5 11. Qb5 Qd7 12. Be3 Nd4 13. Qxd7+ Bxd7 14. Bxd4
exd4 15. Nxd4 c6 16. b4 Na6 17. b5 Nb8 18. bxc6 Nxc6 19. Nxc6 bxc6 20. Rfb1 Bd6
21. Rb7 O-O-O 22. Ra7 Rhe8 23. e3 Bc7 24. Rb1 {Black resigns} 1-0

[Event "Team 45 45 League T39"]
[Site "Internet Chess Club"]
[Date "2008.11.01"]
[Round "2"]
[White "Capamuerte"]
[Black "KNVB"]
[Result "1-0"]
[WhiteElo "2279"]
[BlackElo "2333"]
[Opening "English: symmetrical variation"]
[ECO "A34"]
[Time "23:00:09"]
[TimeControl "2700+45"]

1. c4 c5 2. Nc3 b6 3. g3 Bb7 4. Nf3 e6 5. Bg2 Nf6 6. O-O d6 7. b3 a6 8. Bb2 Nbd7
9. h3 Qc7 10. Qc2 Be7 11. a3 O-O 12. d3 Rab8 13. Rab1 Bc6 14. Rfd1 Rfc8 15. e4
b5 16. Ne2 Qb7 17. Kh2 Nb6 18. Nc3 b4 19. axb4 cxb4 20. Ne2 Nxe4 21. Nfd4 Nxf2
22. Bxc6 Rxc6 23. Nxc6 Qxc6 24. Nd4 Qc5 25. Qxf2 e5 26. Qe2 {Black resigns} 1-0

[Event "Team 45 45 League T39"]
[Site "Internet Chess Club"]
[Date "2008.11.01"]
[Round "2"]
[White "Zumbi"]
[Black "menorca"]
[Result "1-0"]
[WhiteElo "2128"]
[BlackElo "2149"]
[Opening "Caro-Kann: advance variation"]
[ECO "B12"]
[Time "11:34:52"]
[TimeControl "2700+45"]

1. e4 c6 2. d4 d5 3. e5 c5 4. dxc5 Nc6 5. Bb5 e6 6. Be3 Bd7 7. Bxc6 Bxc6 8. Nf3
Ne7 9. c3 Nf5 10. Bd4 g5 11. g4 Nxd4 12. cxd4 b6 13. b4 a5 14. Qd2 axb4 15. Qxb4
bxc5 16. dxc5 Rb8 17. Qa3 d4 18. Nbd2 Qd5 19. Rc1 h5 20. Rg1 hxg4 21. Rxg4 Rh3
22. Ne4 Be7 23. Kf1 Ra8 24. Qd3 Rxa2 25. Kg2 Rh8 26. Qxd4 Kd7 27. Rd1 Qxd4 28.
Nxd4 Bxc5 29. Nb3+ Kc7 30. Nxc5 Rc2 31. Kg1 Ra8 32. Rxg5 Ra5 33. Nb3 Raa2 34.
Ned2 Bd5 35. Rg7 Rab2 36. Rxf7+ Kb6 37. Rf8 Kc7 38. Rf7+ Kb6 39. Rf4 Kc7 40. h4
Bxb3 41. Nxb3 Rxb3 42. Rd6 Rc6 43. Rf7+ Kb6 44. Rfd7 Rh3 45. Rxc6+ Kxc6 46. Rd6+
Kc5 47. Rxe6 Kd5 48. Re8 Rxh4 49. Kg2 Ra4 50. Kg3 Rb4 51. f4 Ke4 52. Kg4 Rb1 53.
Rf8 Rg1+ 54. Kh5 Kd5 55. Rf6 Rg2 56. e6 Kd6 57. f5 Ke7 58. Rg6 Rf2 59. Rg7+ Kf8
60. Rf7+ Kg8 61. Kg6 Ra2 62. Rb7 Rg2+ 63. Kf6 Kh8 64. Rb8+ Kh7 65. e7 Rh2 66.
e8=Q Rh6+ 67. Qg6+ Rxg6+ 68. fxg6+ {Black resigns} 1-0

[Event "Team 45 45 League T39"]
[Site "Internet Chess Club"]
[Date "2008.11.01"]
[Round "2"]
[White "XelNaga"]
[Black "snottgoblin"]
[Result "1-0"]
[WhiteElo "2429"]
[BlackElo "2038"]
[Opening "Sicilian: Najdorf, 7...Be7"]
[ECO "B98"]
[Time "16:00:53"]
[TimeControl "2700+45"]

1. e4 c5 2. Nf3 d6 3. d4 cxd4 4. Nxd4 Nf6 5. Nc3 a6 6. Bg5 e6 7. f4 Be7 8. Qf3
Nc6 9. O-O-O Qc7 10. Nxc6 Qxc6 11. Qg3 h6 12. Bxf6 Bxf6 13. e5 dxe5 14. fxe5
Bg5+ 15. Kb1 O-O 16. Bd3 Rb8 17. Ne4 Be7 18. Rhf1 Kh8 19. Nf6 gxf6 20. Rxf6 Bxf6
21. exf6 Rg8 22. Qh4 Rxg2 23. Qxh6+ Kg8 24. Bg6 {Black resigns} 1-0

[Event "Team 45 45 League T39"]
[Site "Internet Chess Club"]
[Date "2008.11.01"]
[Round "2"]
[White "Kingmaker"]
[Black "frothyjowels"]
[Result "0-1"]
[WhiteElo "2024"]
[BlackElo "2206"]
[Opening "Levitsky attack (Queen's bishop attack)"]
[ECO "D00"]
[Time "20:02:04"]
[TimeControl "2700+45"]

1. d4 d5 2. Bg5 f6 3. Bh4 Bf5 4. e3 e6 5. Bd3 Bxd3 6. Qxd3 Nc6 7. Nf3 Nge7 8.
Nbd2 h5 9. h3 Qd7 10. a3 O-O-O 11. c4 Nf5 12. b4 g5 13. Bg3 Nxg3 14. fxg3 Bd6
15. Kf2 h4 16. gxh4 gxh4 17. b5 Ne7 18. c5 Bg3+ 19. Ke2 Rhe8 20. Rhc1 c6 21. Nb3
e5 22. Qc3 e4 23. Ng1 f5 24. Rab1 f4 25. Na5 fxe3 26. bxc6 bxc6 27. Rb7 Qf5 28.
Qxe3 Qh5+ 29. Kd2 Nf5 30. Qb3 Nxd4 31. Qb4 Qg5+ 32. Kd1 Rf8 33. Nf3 exf3 34.
Rxa7 Nb5 35. Nxc6 Nxa7 36. Nxa7+ Kd7 37. Qb7+ Ke6 38. Nc6 f2 39. Nd4+ Kf6 40.
Qc6+ Bd6 {White resigns} 0-1

[Event "Team 45 45 League T39"]
[Site "Internet Chess Club"]
[Date "2008.10.30"]
[Round "2"]
[White "PandorasBox"]
[Black "jefferyx"]
[Result "1-0"]
[WhiteElo "2238"]
[BlackElo "1860"]
[Opening "Blackmar gambit"]
[ECO "D00"]
[Time "17:03:46"]
[TimeControl "2700+45"]

1. d4 d5 2. e4 dxe4 3. Nc3 Nf6 4. f3 Bf5 5. g4 Bg6 6. g5 Nd5 7. Nxe4 e6 8. c4
Bb4+ 9. Ke2 Bxe4 10. fxe4 Nc3+ 11. bxc3 Bxc3 12. Rb1 Bxd4 13. Rxb7 Bb6 14. Qxd8+
Kxd8 15. e5 Nd7 16. Bg2 Rc8 17. Ba3 Bd4 18. Nf3 Bxe5 19. Nxe5 Nxe5 20. Rd1+ Ke8
21. Rxa7 f6 22. gxf6 gxf6 23. Bb2 Nxc4 24. Bxf6 Rg8 25. Bc6+ Kf7 26. Bc3 Nd6 27.
Rxd6 Rg5 28. Rd7+ Kg6 29. Be4+ Rf5 30. Bxf5+ exf5 31. Raxc7 Re8+ 32. Kf3 h5 33.
Rg7+ {Black resigns} 1-0

[Event "Team 45 45 League T39"]
[Site "Internet Chess Club"]
[Date "2008.11.03"]
[Round "2"]
[White "LeSacAttack"]
[Black "Gail"]
[Result "0-1"]
[WhiteElo "2296"]
[BlackElo "2470"]
[Opening "Queen's Indian: Nimzovich variation (exaggerated fianchetto)"]
[ECO "E15"]
[Time "14:00:12"]
[TimeControl "2700+45"]

1. d4 Nf6 2. c4 e6 3. Nf3 b6 4. g3 Ba6 5. Qc2 Bb4+ 6. Bd2 Be7 7. e4 d5 8. cxd5
Bxf1 9. Kxf1 exd5 10. e5 Ne4 11. Nc3 Nxd2+ 12. Qxd2 O-O 13. Kg2 Qd7 14. h4 Nc6
15. Rac1 Nd8 16. h5 Ne6 17. h6 g6 18. Ne2 c5 19. b3 a5 20. Nf4 a4 21. Rhd1 Rfb8
22. Rc3 axb3 23. axb3 Bf8 24. Ne2 Ra3 25. Rd3 Qc6 26. Rc1 Rba8 27. Nc3 Rxb3 28.
dxc5 d4 29. Ne4 Qxe4 30. Rxb3 bxc5 31. Kg1 Qd5 32. Qc2 Bxh6 33. Qc4 Qxc4 34.
Rxc4 Bg7 35. Rb1 g5 36. Re1 Ra2 37. Kf1 Kf8 38. Re4 Ke7 39. Ne1 Kd7 40. Rc2 Rxc2
41. Nxc2 Kc6 42. Re1 Kd5 43. Ra1 Bxe5 44. Ra7 Bc7 45. Ke2 h5 46. Ra1 h4 47. Kf3
hxg3 48. fxg3 f5 49. Rd1 g4+ 50. Kg2 f4 {White resigns} 0-1

[Event "Team 45 45 League T39"]
[Site "Internet Chess Club"]
[Date "2008.10.31"]
[Round "2"]
[White "SONIA"]
[Black "KarloTurk"]
[Result "1-0"]
[WhiteElo "1954"]
[BlackElo "2008"]
[Opening "Sicilian: Kan, 5.Bd3"]
[ECO "B42"]
[Time "15:00:15"]
[TimeControl "2700+45"]

1. e4 c5 2. Nf3 e6 3. d4 cxd4 4. Nxd4 a6 5. Bd3 Qc7 6. Nc3 Nf6 7. Bd2 Bc5 8. Nb3
Ba7 9. Qe2 O-O 10. f4 d6 11. g4 b5 12. g5 Nfd7 13. Qh5 Bb7 14. Rf1 Nc6 15. Rf3
g6 16. Qh6 f5 17. gxf6 Nxf6 18. O-O-O Nd4 19. Rg3 Rac8 20. e5 Nf5 21. Bxf5 exf5
22. exf6 b4 23. Qg7+ Qxg7 24. fxg7 Kxg7 25. Ne2 Be4 26. Nbd4 Rfe8 27. Bxb4 Bxc2
28. Nxc2 Rxe2 29. Bc3+ {Black resigns} 1-0

[Event "Team 45 45 League T39"]
[Site "Internet Chess Club"]
[Date "2008.10.29"]
[Round "2"]
[White "adh2050"]
[Black "wonderboy"]
[Result "1-0"]
[WhiteElo "2058"]
[BlackElo "1927"]
[Opening "English opening: Agincourt variation"]
[ECO "A13"]
[Time "10:07:55"]
[TimeControl "2700+45"]

1. Nf3 d5 2. c4 e6 3. e3 c6 4. Nc3 Bd6 5. d4 f5 6. c5 Bc7 7. g3 Nf6 8. Bg2 O-O
9. O-O Nbd7 10. b4 e5 11. a4 h6 12. Qb3 g5 13. dxe5 Nxe5 14. Nxe5 Bxe5 15. f4
gxf4 16. gxf4 Bc7 17. Rf3 Kh7 18. Bb2 Rg8 19. Ne2 Ne4 20. Rh3 Qe8 21. Ng3 Qg6
22. Rd1 Qg4 23. Qc2 Be6 24. Rf1 Bf7 25. Nxe4 fxe4 26. Rg3 Qf5 27. Rff3 Bh5 28.
Qc3 Be5 29. Bh3 Qf6 30. Qxe5 Qxe5 31. Bxe5 exf3 32. Bf5+ Bg6 33. Be6 Rgf8 34. f5
f2+ 35. Kf1 Rxf5 36. Bxf5 Bxf5 37. Rg7+ Kh8 38. Rf7+ Kg8 39. Rxf5 Rf8 40. Rxf8+
Kxf8 41. Kxf2 Kf7 42. Kf3 Kg6 43. e4 dxe4+ 44. Kxe4 Kf7 45. b5 a6 {Black
resigns} 1-0

[Event "Team 45 45 League T39"]
[Site "Internet Chess Club"]
[Date "2008.11.03"]
[Round "2"]
[White "Checkmates"]
[Black "eurander"]
[Result "1/2-1/2"]
[WhiteElo "2394"]
[BlackElo "2236"]
[Opening "Grünfeld: exchange variation"]
[ECO "D85"]
[Time "17:01:06"]
[TimeControl "2700+45"]

1. d4 Nf6 2. c4 g6 3. Nc3 d5 4. cxd5 Nxd5 5. e4 Nxc3 6. bxc3 Bg7 7. Qa4+ Bd7 8.
Qa3 h6 9. Nf3 O-O 10. Be3 b6 11. Rd1 c5 12. Be2 Qc7 13. O-O cxd4 14. cxd4 Qd6
15. Qxd6 exd6 16. Bf4 Ba4 17. Rc1 Rd8 18. Rc7 g5 19. Bg3 a5 20. Bc4 Be8 21. Bd5
Na6 22. Rcc1 Ra7 23. a3 Rc7 24. Rb1 b5 25. Rfc1 Rxc1+ 26. Rxc1 b4 27. Bb7 Bb5
28. a4 Bd3 29. Ne1 Be2 30. Rc2 Rb8 31. Bxa6 Bxa6 32. Bxd6 Rd8 33. e5 Bf8 34.
Bxf8 Kxf8 35. Rc6 Be2 36. Rc2 Bd1 37. Rd2 Bxa4 38. d5 f6 39. f4 Bb3 40. d6 gxf4
41. exf6 Kf7 42. Nd3 Rxd6 43. Ne5+ Ke6 44. f7 Rxd2 45. f8=Q Kxe5 46. Qh8+ Ke4
47. Qa8+ Rd5 48. Kf2 Kd3 49. Qb8 Kc3 50. Qh8+ Kc2 51. Qxh6 Rd2+ 52. Kf3 Bd5+ 53.
Kxf4 b3 54. Qg6+ Kc1 55. Qb6 Bc4 56. Qxa5 b2 57. Qc3+ Kd1 58. Qxc4 b1=Q 59. Qf1+
Kc2 60. Qc4+ Kb2 61. Qb4+ Kc1 62. Qxb1+ Kxb1 63. g4 Kc2 64. g5 Rxh2 {Game drawn
by mutual agreement} 1/2-1/2

[Event "Team 45 45 League T39"]
[Site "Internet Chess Club"]
[Date "2008.10.31"]
[Round "2"]
[White "Elddir"]
[Black "JustinSane"]
[Result "0-1"]
[WhiteElo "2085"]
[BlackElo "2087"]
[Opening "Benoni: 6.e4"]
[ECO "A65"]
[Time "20:29:25"]
[TimeControl "2700+45"]

1. d4 Nf6 2. c4 c5 3. d5 e6 4. Nc3 exd5 5. cxd5 d6 6. e4 g6 7. h3 Bg7 8. Nf3 O-O
9. Bg5 Re8 10. Bd3 Qa5 11. O-O a6 12. Bd2 Nbd7 13. Re1 Qc7 14. a4 Nh5 15. Bf1
Ne5 16. Be2 Nxf3+ 17. Bxf3 Nf6 18. Rc1 Bd7 19. Bf4 Bf8 20. Qd2 Rab8 21. b4 cxb4
22. Nb5 Qb6 23. Nc7 Rec8 24. Be3 Qa5 25. Ba7 Bxa4 26. Bxb8 Rxb8 27. Qd4 Nd7 28.
Qa7 Bg7 29. Bg4 Qb6 30. Qxb6 Nxb6 31. e5 Bxe5 32. Rxe5 dxe5 33. Rb1 a5 {White
resigns} 0-1

[Event "Team 45 45 League T39"]
[Site "Internet Chess Club"]
[Date "2008.11.02"]
[Round "2"]
[White "gyoung"]
[Black "easycure"]
[Result "0-1"]
[WhiteElo "2244"]
[BlackElo "2420"]
[Opening "Sicilian, Szén (`anti-Taimanov') variation"]
[ECO "B44"]
[Time "13:00:04"]
[TimeControl "2700+45"]

1. e4 c5 2. Nf3 e6 3. d4 cxd4 4. Nxd4 Nc6 5. Nb5 d6 6. c4 Nf6 7. N1c3 a6 8. Na3
Be7 9. Be3 O-O 10. Be2 b6 11. O-O Bb7 12. f3 Ne5 13. Qd4 Ned7 14. Rfd1 Qc7 15.
Rac1 Rac8 16. Qd2 Rfe8 17. Qe1 Qb8 18. Qf2 Bd8 19. b4 Bc7 20. g4 d5 21. g5 Nh5
22. cxd5 Nf4 23. Bxf4 Bxf4 24. Rc2 Nf8 25. Qg2 Ng6 26. Kh1 Be5 27. Na4 Rxc2 28.
Nxc2 exd5 29. exd5 Nf4 30. Qf1 Bxd5 31. Bxa6 Qa8 32. Ne1 Bd4 33. Rxd4 Rxe1 34.
Qxe1 Bxf3+ 35. Kg1 Nh3+ {White resigns} 0-1

[Event "Team 45 45 League T39"]
[Site "Internet Chess Club"]
[Date "2008.11.03"]
[Round "2"]
[White "DTK"]
[Black "f5"]
[Result "0-1"]
[WhiteElo "2163"]
[BlackElo "2166"]
[Opening "Sicilian: Nimzovich-Rossolimo attack (with ...g6, without ...d6)"]
[ECO "B31"]
[Time "12:00:06"]
[TimeControl "2700+45"]

1. e4 c5 2. Nf3 Nc6 3. Bb5 g6 4. c3 Nf6 5. Qa4 Bg7 6. O-O O-O 7. d4 cxd4 8. cxd4
d5 9. e5 Ne4 10. Nc3 Bf5 11. Bxc6 bxc6 12. Qxc6 Rc8 13. Qxd5 Nxc3 14. Qxd8 Ne2+
15. Kh1 Rfxd8 16. Be3 Rc2 17. b3 Nc3 18. Rfc1 Rxc1+ 19. Rxc1 Rc8 20. a3 Nd5 21.
Rxc8+ Bxc8 22. Bd2 e6 23. Ne1 Bf8 24. b4 Ba6 25. Nc2 Bb5 26. Kg1 Be7 27. f3 Kf8
28. Kf2 Ke8 29. Na1 Ba4 30. Ke2 Kd7 31. Kd3 Kc6 32. Nc2 Bb5+ 33. Ke4 Bf1 34. g3
Kb5 35. Ne1 Kc4 36. f4 Bd8 37. Kf3 Kxd4 38. Kf2 Bb5 39. Kf3 Kc4 40. Ke4 Kb3 41.
Nf3 Kxa3 42. Nd4 Ba4 43. Kd3 Nxb4+ 44. Kc4 Nd5 45. Nb5+ Bxb5+ 46. Kxb5 Bb6
{White resigns} 0-1

[Event "Team 45 45 League T39"]
[Site "Internet Chess Club"]
[Date "2008.11.03"]
[Round "2"]
[White "palito"]
[Black "Ser-Enigma"]
[Result "1-0"]
[WhiteElo "2118"]
[BlackElo "2155"]
[Opening "Caro-Kann: exchange variation"]
[ECO "B13"]
[Time "14:05:36"]
[TimeControl "2700+45"]

1. e4 c6 2. d4 d5 3. exd5 cxd5 4. Bd3 Nc6 5. c3 Qc7 6. Ne2 Bg4 7. f3 Bh5 8. Bf4
Qb6 9. Na3 e6 10. Nb5 Rc8 11. Qa4 f6 12. Nd6+ Bxd6 13. Bxd6 Bg6 14. Bc5 Qc7 15.
Bb5 a6 16. Bxc6+ Qxc6 17. Qb4 b6 18. Bd6 a5 19. Qa3 Kd7 20. Bf8 e5 21. Bxg7 Ne7
22. Bxh8 Rxh8 23. dxe5 fxe5 24. O-O Bd3 25. Rfe1 Rg8 26. Nf4 Qc4 27. Rxe5 Nc6
28. Rxd5+ Kc8 29. Qd6 Rd8 30. Qe6+ Kb7 31. Rxd8 Nxd8 32. Qd7+ {Black resigns}
1-0

[Event "Team 45 45 League T39"]
[Site "Internet Chess Club"]
[Date "2008.11.03"]
[Round "2"]
[White "Uwak"]
[Black "pestka"]
[Result "1-0"]
[WhiteElo "2338"]
[BlackElo "2197"]
[Opening "Sicilian: Labourdonnais-Löwenthal (Kalashnikov) variation"]
[ECO "B32"]
[Time "05:00:41"]
[TimeControl "2700+45"]

1. e4 c5 2. Nf3 Nc6 3. d4 cxd4 4. Nxd4 e5 5. Nb5 d6 6. c4 Be7 7. N1c3 a6 8. Na3
f5 9. exf5 Bxf5 10. Nc2 Nf6 11. Bd3 Be6 12. O-O O-O 13. Ne3 Qd7 14. Ncd5 Rae8
15. Nxf6+ Bxf6 16. Be4 Nd4 17. a4 b5 18. axb5 axb5 19. b3 bxc4 20. bxc4 Rb8 21.
Ra6 Qc7 22. Ba3 Rfd8 23. Ra4 Bd7 24. Rb4 Rxb4 25. Bxb4 Rb8 26. Qh5 g6 27. Bxg6
Be6 28. Bf5 Nxf5 29. Nxf5 Bxf5 30. Qxf5 Rxb4 31. Qxf6 Rxc4 32. g3 Rc6 33. Rd1 d5
34. Qg5+ Rg6 35. Qf5 d4 36. Ra1 Rb6 37. Re1 Rb5 38. Re4 Rb1+ 39. Kg2 Qc6 40. Kh3
Rb7 41. Qg5+ Rg7 42. Qxe5 Qd7+ 43. Kg2 d3 44. Qb8+ Kf7 45. Rf4+ Ke7 46. Qf8+ Ke6
47. Qf6+ Kd5 48. Rd4+ Kc5 49. Qe5+ Kc6 50. Rc4+ Kb7 51. Qb2+ Ka8 52. Qa1+ Kb8
53. Rb4+ Kc7 54. Qe5+ Kc6 55. Qf6+ Kc5 56. Qc3+ Kd5 57. Rd4+ Ke6 58. Qc4+ Ke5
59. Rxd3 Qb7+ 60. f3 Qb2+ 61. Kh3 {Black resigns} 1-0

[Event "Team 45 45 League T39"]
[Site "Internet Chess Club"]
[Date "2008.11.01"]
[Round "2"]
[White "Kolibri"]
[Black "searchforbobby1"]
[Result "1/2-1/2"]
[WhiteElo "2078"]
[BlackElo "2240"]
[Opening "Sicilian: Pelikan, Chelyabinsk variation"]
[ECO "B33"]
[Time "12:04:38"]
[TimeControl "2700+45"]

1. e4 c5 2. Nf3 Nc6 3. d4 cxd4 4. Nxd4 Nf6 5. Nc3 e5 6. Ndb5 d6 7. Bg5 a6 8. Na3
b5 9. Nd5 Be7 10. Bxf6 Bxf6 11. c3 O-O 12. Nc2 Bg5 13. a4 bxa4 14. Rxa4 a5 15.
Bc4 Rb8 16. b3 Kh8 17. O-O f5 18. f3 fxe4 19. fxe4 Rxf1+ 20. Qxf1 Be6 {Game
drawn by mutual agreement} 1/2-1/2

[Event "Team 45 45 League T39"]
[Site "Internet Chess Club"]
[Date "2008.11.02"]
[Round "2"]
[White "keisher415"]
[Black "Monsoon-Smith"]
[Result "1-0"]
[WhiteElo "2120"]
[BlackElo "2053"]
[Opening "Sicilian: Kan, Maróczy bind (Réti variation)"]
[ECO "B41"]
[Time "14:04:13"]
[TimeControl "2700+45"]

1. e4 c5 2. Nf3 e6 3. d4 cxd4 4. Nxd4 a6 5. c4 Nf6 6. Nc3 Qc7 7. Bd3 Nc6 8. Nxc6
dxc6 9. Be3 e5 10. O-O Ng4 11. Bd2 Bc5 12. h3 Nf6 13. Rb1 Be6 14. Qe2 Rd8 15.
Be3 Bxe3 16. Qxe3 Nh5 17. Rfd1 Nf4 18. Bf1 O-O 19. g3 Ng6 20. Rbc1 Rxd1 21. Rxd1
Rd8 22. Rxd8+ Qxd8 23. Qa7 Qd2 24. Qxb7 Qe1 25. Qb3 Bxh3 26. Qd1 Qxd1 27. Nxd1
Be6 28. b4 Kf8 29. Nc3 Ke8 30. c5 Bc8 31. Na4 Nf8 32. Nb6 Kd8 33. Nxc8 Kxc8 34.
Bxa6+ Kc7 35. Bc4 f6 36. Kg2 h6 37. a4 g6 38. Kf3 f5 39. Ke3 Nd7 40. exf5 gxf5
41. Be6 f4+ 42. Ke4 {Black resigns} 1-0

[Event "Team 45 45 League T39"]
[Site "Internet Chess Club"]
[Date "2008.11.01"]
[Round "2"]
[White "Python132"]
[Black "Bookkeeper"]
[Result "1-0"]
[WhiteElo "1782"]
[BlackElo "1629"]
[Opening "QGD Slav defense"]
[ECO "D10"]
[Time "11:00:17"]
[TimeControl "2700+45"]

1. d4 c6 2. c4 d5 3. Nc3 Bf5 4. cxd5 cxd5 5. Qb3 Qd7 6. Qxd5 Nf6 7. Qxd7+ Nbxd7
8. Bf4 e6 9. e3 Bb4 10. Rc1 Rc8 11. f3 Nd5 12. Ne2 Bd3 13. Kf2 Ke7 14. Nxd5+
exd5 15. Nc3 Bxf1 16. Rhxf1 Nf6 17. Bg5 Rc4 18. Nxd5+ {Black resigns} 1-0

[Event "Team 45 45 League T39"]
[Site "Internet Chess Club"]
[Date "2008.11.02"]
[Round "2"]
[White "Crush1000"]
[Black "dougmo"]
[Result "0-1"]
[WhiteElo "1338"]
[BlackElo "1528"]
[Opening "Nimzo-Indian: three knights variation"]
[ECO "E21"]
[Time "14:00:11"]
[TimeControl "2700+45"]

1. d4 e6 2. Nf3 Nf6 3. c4 Bb4+ 4. Nc3 O-O 5. a3 Bxc3+ 6. bxc3 b6 7. Bg5 h6 8.
Bh4 Ba6 9. e3 d5 10. Qb3 Nc6 11. cxd5 Na5 12. Qa2 Bxf1 13. Rxf1 exd5 14. Bxf6
Qxf6 15. Qxd5 c5 16. Qe5 Qg6 17. g3 Qc2 18. dxc5 bxc5 19. Qxc5 Nb3 20. Nd4 Qd2#
{White checkmated} 0-1

[Event "Team 45 45 League T39"]
[Site "Internet Chess Club"]
[Date "2008.11.01"]
[Round "2"]
[White "cgrau"]
[Black "Ehab"]
[Result "1-0"]
[WhiteElo "1831"]
[BlackElo "1905"]
[Opening "Queen's pawn, Mason variation"]
[ECO "D00"]
[Time "10:01:20"]
[TimeControl "2700+45"]

1. d4 d5 2. Bf4 c6 3. Nf3 e6 4. e3 f5 5. c4 Nf6 6. Nc3 a6 7. Bd3 Bd6 8. O-O O-O
9. Qc2 Qe7 10. Ne5 Bd7 11. c5 Bxe5 12. Bxe5 Ne8 13. Na4 Nf6 14. Qb3 b5 15. cxb6
Bc8 16. Bc7 Nbd7 17. b7 Ra7 18. bxc8=Q Rxc8 19. Bg3 Nh5 20. Rac1 Nxg3 21. hxg3
Nf6 22. Rc2 Qe8 23. Rfc1 Ng4 24. Rxc6 Rd8 25. Rc7 Qh5 26. Rxa7 Qh2+ 27. Kf1 Qh1+
28. Ke2 Qxg2 29. Rf1 Nh2 30. Ke1 Nf3+ 31. Kd1 Qh3 32. Qb6 Re8 33. Qb7 {Black
resigns} 1-0

[Event "Team 45 45 League T39"]
[Site "Internet Chess Club"]
[Date "2008.11.02"]
[Round "2"]
[White "Ghashgork"]
[Black "crag"]
[Result "1/2-1/2"]
[WhiteElo "1698"]
[BlackElo "1547"]
[Opening "Bird's opening"]
[ECO "A03"]
[Time "09:50:26"]
[TimeControl "2700+45"]

1. f4 d5 2. Nf3 Nf6 3. g3 c5 4. Bg2 Nc6 5. d3 g6 6. O-O Bg7 7. Nbd2 O-O 8. e4
dxe4 9. dxe4 Nd7 10. e5 Re8 11. Ne4 b6 12. Rb1 Bb7 13. Re1 Nf8 14. c3 Qxd1 15.
Rxd1 Rad8 16. Be3 f6 17. exf6 exf6 18. Rxd8 Nxd8 19. Nfd2 f5 20. Nd6 Rxe3 21.
Nxb7 Nxb7 22. Bxb7 Re2 23. Rd1 {Game drawn by mutual agreement} 1/2-1/2

[Event "Team 45 45 League T39"]
[Site "Internet Chess Club"]
[Date "2008.11.03"]
[Round "2"]
[White "scar99"]
[Black "chicopee-ed"]
[Result "1-0"]
[WhiteElo "1658"]
[BlackElo "1442"]
[Opening "English opening"]
[ECO "A13"]
[Time "12:59:02"]
[TimeControl "2700+45"]

1. c4 e6 2. g3 c6 3. Bg2 d5 4. b3 Nf6 5. Nf3 Nbd7 6. O-O Rb8 7. Bb2 Be7 8. Qc2
h6 9. d4 O-O 10. Nbd2 Re8 11. Rfe1 Nh7 12. e4 Bb4 13. a3 Be7 14. Re2 Bf6 15.
Rae1 Ndf8 16. b4 Bd7 17. Nb3 b6 18. Rc1 Rc8 19. Nfd2 Re7 20. f4 Ng6 21. e5 Bh4
22. Nf3 Re8 23. Nxh4 Nxh4 24. gxh4 Qxh4 25. Rf1 f5 26. Rf3 Qe7 27. Rg3 Rf8 28.
Bf3 Be8 29. Reg2 Rc7 30. c5 b5 31. Qd1 Kh8 32. Kf2 Rg8 33. Qg1 Nf8 34. Bc1 Kh7
35. Ke3 Kh8 36. Rh3 Kh7 37. Bd2 Qd7 38. Be1 Qe7 39. Bh4 Qf7 40. Na5 a6 41. Qd1
Qd7 42. Qg1 Qf7 43. Rhg3 Qd7 44. Bf6 Bg6 45. Rxg6 Nxg6 46. Rxg6 Qf7 47. Bh5 Qd7
48. Bh4 Ra7 49. Bf2 Rc7 50. Qg3 Qf7 51. Qh4 Qd7 52. Nb3 Ra7 53. Rg2 Qc7 54. Qg3
Qd7 55. Na5 Rc7 56. Qg6+ Kh8 57. Bh4 Ra7 58. Nb3 Rc7 59. Nd2 Rf8 60. Nf1 Ra7 61.
Be1 Rc7 62. Nd2 Ra7 63. Rg3 Rc7 64. Be2 Qf7 65. Bh5 Qd7 66. Rh3 Kg8 67. Be2 Qf7
68. Rxh6 Qxg6 69. Rxg6 Re7 70. Bh4 Kh7 71. Bxe7 Re8 72. Rxe6 g6 73. Nf3 Kg7 74.
Ng5 {Black resigns} 1-0

[Event "Team 45 45 League T39"]
[Site "Internet Chess Club"]
[Date "2008.11.02"]
[Round "2"]
[White "knight2f3"]
[Black "houseofcook"]
[Result "1-0"]
[WhiteElo "1530"]
[BlackElo "1417"]
[Opening "Catalan: closed, 5.Nf3"]
[ECO "E06"]
[Time "11:00:09"]
[TimeControl "2700+45"]

1. d4 d5 2. Nf3 Nf6 3. c4 e6 4. g3 Be7 5. Bg2 O-O 6. Qd3 c6 7. O-O Nbd7 8. Rd1
Ne4 9. Nc3 Ndf6 10. Nd2 Nd6 11. cxd5 exd5 12. e4 dxe4 13. Ndxe4 Nfxe4 14. Nxe4
Bf5 15. d5 Bxe4 16. Bxe4 Nxe4 17. Qxe4 Re8 18. Qf3 Qc7 19. Bf4 Bd6 20. Bxd6 Qxd6
21. dxc6 Qxc6 22. Qxc6 bxc6 23. Rd6 Rab8 24. b3 c5 25. Rc6 Rec8 26. Rxc8+ Rxc8
27. Rc1 g6 28. Kf1 a5 29. Rc4 Kg7 30. Ke2 f5 31. Ra4 c4 32. bxc4 Rc5 33. Kd3 Re5
34. f4 Re1 35. Rxa5 Rh1 36. Ra7+ Kh6 37. Kd4 Rxh2 38. c5 Rh3 39. Ra3 g5 40.
fxg5+ Kxg5 41. c6 f4 42. Ra5+ Kg4 43. gxf4 Kxf4 44. c7 Rh4 45. c8=Q Kf3+ 46. Kd3
{Black resigns} 1-0

[Event "Team 45 45 League T39"]
[Site "Internet Chess Club"]
[Date "2008.10.29"]
[Round "2"]
[White "Timotheous"]
[Black "npranav"]
[Result "1-0"]
[WhiteElo "1701"]
[BlackElo "1615"]
[Opening "English opening"]
[ECO "A05"]
[Time "18:30:38"]
[TimeControl "2700+45"]

1. Nf3 Nf6 2. c4 Nc6 3. g3 d6 4. Bg2 Bd7 5. O-O g6 6. b3 Bg7 7. Bb2 O-O 8. d3
Nb4 9. a3 Na6 10. b4 c5 11. b5 Nc7 12. Nbd2 Ne6 13. a4 a6 14. Ne1 axb5 15. axb5
Qc7 16. Nc2 Rxa1 17. Qxa1 b6 18. Qa2 Bc8 19. Ra1 Bb7 20. Bxb7 Qxb7 21. Qa7 Rb8
22. Qxb7 Rxb7 23. Ra8+ Nf8 24. Ne3 Nd7 25. Bxg7 Kxg7 26. Ne4 Ne6 27. Nd5 Ne5 28.
Ra6 Nd4 29. Nec3 Nd7 30. Nxe7 Ne6 31. Ncd5 Nc7 32. Nxc7 Rxc7 33. Nd5 Rb7 34. f4
f5 35. Kg2 Kf7 36. Kf3 Ke6 37. e4 fxe4+ 38. dxe4 Kf7 39. g4 h6 40. h4 Ke6 41.
f5+ gxf5 42. exf5+ Kf7 43. Kf4 Kg7 44. g5 hxg5+ 45. hxg5 Kf7 46. g6+ Kg7 47. Kg5
Kf8 48. f6 Kg8 49. Ra8+ Nf8 50. Ne7+ {Black resigns} 1-0